cohdb
Replays
Latest Replays
All Replays
Popular Replays
Top Player Replays
Match Explorer
How It Works
Community
CoH3 Stats
Reddit
Sign in to upload your games and track your stats! →
Sign in with Steam
Match 25898802
Unlisted
Match 25898802
Overview
Messages
Build Orders
End
Construct Barracks
Riflemen Squad
Riflemen Squad
Riflemen Squad
Engineer Squad
Infantry Support Center
Selects Advanced Infantry Battlegroup
Selects Convert to Ranger Squad
Convert to Ranger Squad
.30 cal Machine Gun
Selects Frontline Medical Station
.30 cal Machine Gun
Frontline Medical Station
Advanced Logistics
Convert to Ranger Squad
Survival Training
Convert to Ranger Squad
Selects Ranger Weapon Training
Construct Weapon Support Center
Improved M9 Bazooka Rockets
Selects Ammunition Storage
Selects M2A1 105mm Howitzer Emplacement
Selects 155mm Rapid Artillery Barrage
Frontline Medical Station
Frontline Medical Station
Eber
locksmith
replayls
CPU - Difícil
CPU - Difícil
CPU - Difícil
0
0
Comments
sign in to comment!
No comments posted yet!